 Dungeon Crawl Stone Soup version 0.31-a0-1626-g5cb510d322 (webtiles) character file.

Game seed: 1503264764001765448

18 mopl the Ruffian (level 2, -2/22 HPs)
             Began as a Djinni Shapeshifter on Jan 12, 2024.
             Slain by a gnoll
             ... wielding a +0 club
              (7 damage)
             ... on level 1 of the Dungeon.
             The game lasted 00:00:37 (322 turns).

mopl the Ruffian (Djinni Shapeshifter)               Turns: 322, Time: 00:00:38

Health: -2/22      AC:  2    Str: 13    XL:     2   Next: 85%
Gold:   9          EV: 12    Int: 11    God:
                   SH:  0    Dex: 12

rFire   + + .        e - +4 hand axe
rCold   x . .        (no shield)
rNeg    . . .        a - +0 animal skin
rPois   ∞            (helmet currently unavailable)
rElec   .            (cloak currently unavailable)
rCorr   .            (gloves currently unavailable)
SInv    .            (boots unavailable)
Will    .....        (no amulet)
Stlth   +            (no ring)
HPRegen 0.23/turn    (no ring)
MPRegen 0.00/turn

%: infuse magic (-3 HP)
@: beast-form, flying
A: beast (slay +1), flying, sickness immunity, fire resistance 2, cold
vulnerability 1, float, innate caster, HP casting, extra vitality 1
a: Begin Untransformation


You were on level 1 of the Dungeon.
You were a hulking beast.
You visited 1 branch of the dungeon, and saw 1 of its levels.

You collected 9 gold pieces.

Inventory:

Hand Weapons
 e - a +4 hand axe (weapon)
Armour
 a - a +0 animal skin (worn)
Talismans
 c - a beast talisman
 d - a flux talisman
Scrolls
 f - a scroll of enchant weapon {unknown}
Potions
 b - a potion of lignification {!q}


   Skills:
 + Level 1.3 Fighting
 - Level 2.1 Dodging
 * Level 3.3 Unarmed Combat
 * Level 3.0 Shapeshifting You didn't know any spells. Your spell library was empty.

Dungeon Overview and Level Annotations

Branches:
Dungeon (1/15)

Altars:


Innate Abilities, Weirdness & Mutations

You are a hulking beast.
Your limbs bulge with bestial killing power. (Slay +1)
You are flying.
You are immune to sickness and miasma.
You are immune to poison.
Your flesh is very heat resistant. (rF++)
You are vulnerable to cold. (rC-)
You float through the air rather than walking.
You learn spells naturally, not from books.
Your magical power is your life essence.
You have superior vitality. (+4 MHP)


Message History

The hobgoblin closely misses you.
The frilled lizard bites you but does no damage.
You closely miss the hobgoblin. You hit the frilled lizard.
You kill the frilled lizard!
The hobgoblin hits you.
You barely miss the hobgoblin. The hobgoblin closely misses you.
The hobgoblin hits you but does no damage.
You slash the hobgoblin!
You kill the hobgoblin!
You see here a hobgoblin corpse.
You start resting.
HP restored.
A gnoll comes into view. It is wielding a +0 club.
Found a mace.
A gnoll is nearby!
The gnoll shouts!
You barely miss the gnoll. The gnoll hits you with a +0 club.
You hit the gnoll.
The gnoll is moderately wounded.
The gnoll hits you with a +0 club. x2
You are too injured to fight recklessly!
You are too injured to fight recklessly!
You are too injured to fight recklessly!
You are too injured to fight recklessly!
You are too injured to fight recklessly!
You are too injured to fight recklessly!
You are too injured to fight recklessly!
You are too injured to fight recklessly!
You are too injured to fight recklessly!
You hit the gnoll.
The gnoll is moderately wounded.
The gnoll hits you with a +0 club.
You hit the gnoll.
The gnoll is heavily wounded.
The gnoll hits you with a +0 club.
* * * LOW HITPOINT WARNING * * *
You hit the gnoll. You punch the gnoll, but do no damage.
The gnoll is severely wounded.
The gnoll hits you with a +0 club!
You die...

....###..............
..####.>#...............
........................
.......................
..###..###............
....#..# #..........#
....#.## #.........)#
....#.####..........#
................hg..#
......######.....####
....#..# #######
.....#.# .....#.##
.....#..###
.....##...#####
.....##........
........#######


You could see a gnoll.

Vanquished Creatures
  A dart slug (D:1)
  A bat (D:1)
  2 endoplasms (D:1)
  A hobgoblin (D:1)
  3 jackals (D:1)
  2 quokkas (D:1)
  2 ball pythons (D:1)
  A frilled lizard (D:1)
  A rat (D:1)
14 creatures vanquished.

Notes
Turn   | Place    | Note
-------+----------+-------------------------------------------
     0 | D:1      | mopl the Djinni Shapeshifter began the quest for the Orb.
     0 | D:1      | Reached XP level 1. HP: 17/17 MP: 0/0
    78 | D:1      | Reached XP level 2. HP: 8/22 MP: 0/0
   203 | D:1      | Reached skill level 3 in Shapeshifting
   322 | D:1      | Slain by a gnoll

Illustrated notes

Levels and vault maps discovered:
D:1:      heliophobic_arrival_enchanted_forest, layout_rooms,
          shapermc_ecumenical_altar_notcrosses, nrook_campfire

Skill      XL: |  1  2 |
---------------+-------+-----
Shapeshifting  | 3 |  3.0
Fighting       | |  1.3
Dodging        | |  2.1
Unarmed Combat | |  3.3

Action                     || total
---------------------------++-------
  Melee: Hand axe          ||    36
         Unarmed           ||     6
         Punch             ||     2
 Armour: Animal skin       ||    30
  Dodge: Dodged            ||    30

Table legend: (Time is in decaauts)
 A = Elapsed time spent in this place.
 B = Non-inter-level travel time spent in this place.
 C = Inter-level travel time spent in this place.
 D = Time resting spent in this place.
 E = Time spent auto-exploring this place.
 F = Levels seen in this place.
 G = Mean time per level.
                   A        B        C        D        E       F      G
               +--------+--------+--------+--------+--------+-----+--------+
         Total |    331 |    331 |      0 |    114 |    111 |   1 |  331.0 |
       Dungeon |    331 |    331 |      0 |    114 |    111 |   1 |  331.0 |
               +--------+--------+--------+--------+--------+-----+--------+

Top non-repeatable levels by time:
     D:1: 331 daAuts
